cohdb
Replays
Latest Replays
All Replays
Popular Replays
Top Player Replays
Match Explorer
How It Works
Community
CoH3 Stats
Reddit
Sign in to upload your games and track your stats! →
Sign in with Steam
Match 41711263
Unlisted
Match 41711263
Overview
Messages
Build Orders
End
Panzergrenadier Squad
Panzerpioneer Squad
250 Light Carrier
250 Light Carrier
Selects Panzerjäger Kommand Battlegroup
Selects GrB 39 Grenade Launcher Requisition
Construct Light Support Kompanie
Panzergrenadier Squad
Panzerjäger Mechanized Group
Fire Support Elements
2.5-tonne Medical Truck
Flakvierling Half-track
Panzerpioneer Squad
Selects Blockade Equipment
le.IG 18 Mechanized Group
Construct Panzerarmee Kommand
Vehicle Survival Package
Selects Defensive Positions
Selects Butterfly Bomb Drop
Selects Crew Shock Tactics
2.5-tonne Medical Truck
Armored Reserves
MG34 Team
Panzer IV Assault Group
Pak 38 Anti-tank Gun Team
Selects Anti-tank Overwatch
Mo-J
Wheeler
Logan5
12azzmatazz
0
0
Comments
sign in to comment!
No comments posted yet!